AoeStats
← [LaCD] diegocm

Four Lakes

507205955Analyzed
1v1 RM · 15d ago on Sep 17, 2026· 30m 13s· 2 players
Game mode
Random Map
Map size
Tiny (2 player)
Population
200
Speed
Normal
Resources
Standard
Victory
Conquest
Starting age
Dark Age
Ending age
Imperial Age
RankedLock teamsTeams togetherTeam positionsShared explorationLock speedFull tech treeHidden civsTurbo modeCheats
Victory
Defeat
🇨🇴 Italians · Colombia
1153
+14
🇨🇴 Spanish · Colombia
1114
-25
[LaCD] diegocm
5:04 Loom
10:30 Feudal Age
11:04 Double-Bit Axe
13:06 Town Watch
14:57 Fletching
16:07 Padded Archer Armor
20:30 Castle Age
18:43 Stone Mining
19:49 Gold Mining
19:42 Fishing Lines
20:51 Crossbowman
22:57 Bodkin Arrow
23:41 Bow Saw
25:44 Ballistics
28:31 Wheelbarrow
29:35 Hand Cart
juandavid0388
5:22 Loom
10:07 Feudal Age
11:33 Double-Bit Axe
15:26 Scale Barding Armor
20:53 Castle Age
19:55 Bloodlines
22:09 Horse Collar
24:02 Fletching
24:16 Elite Skirmisher
Connection lost

Rejoining the realm…

Still unreachable

The connection could not be restored.

Session expired

The server has moved on; the page needs a fresh start.